 Dungeon Crawl Stone Soup version 0.19.1-1-g22dce08 (webtiles) character file.

8202 esteth the Severer (level 11, -8/94 HPs)
             Began as a Minotaur Berserker on Jan 17, 2017.
             Was a High Priest of Trog.
             Mangled by a sphinx (12 damage)
             ... on level 10 of the Dungeon.
             The game lasted 00:20:40 (9900 turns).

esteth the Severer (Minotaur Berserker)             Turns: 9900, Time: 00:20:42

Health: -8/94      AC: 13    Str: 23    XL:     11   Next: 6%
Magic:  15/15      EV:  9    Int:  6    God:    Trog [*****.]
Gold:   382        SH:  0    Dex: 12    Spells: 0 memorised, 10 levels left

rFire  + . .     SeeInvis .     f - +0 war axe
rCold  . . .     Gourm    .     h - +0 chain mail
rNeg   . . .     Faith    .     (no shield)
rPois  .         Spirit   .     (helmet restricted)
rElec  .         Reflect  .     (no cloak)
rCorr  .         Harm     .     (no gloves)
MR     .....                    I - +1 pair of boots
Stlth  ..........               (no amulet)
                                x - ring of protection from fire
                                N - ring of flight

@: confused, non-regenerating, diseased, slowed, very slow
A: retaliatory headbutt, horns 2, iridescent scales 1, clever 1, subdued magic 1
a: Berserk, Trog's Hand, Brothers in Arms, Burn Spellbooks, Renounce Religion,
Evoke Flight


You were on level 10 of the Dungeon.
You worshipped Trog.
Trog was extremely pleased with you.
You were not hungry.

You visited 1 branch of the dungeon, and saw 10 of its levels.

You collected 382 gold pieces.

Inventory:

Hand Weapons
 f - a +0 war axe (weapon)
Armour
 h - a +0 chain mail (worn)
 I - a +1 pair of boots (worn)
Jewellery
 x - a ring of protection from fire (right hand)
 N - a ring of flight (left hand)
Wands
 k - a wand of heal wounds (0/9)
 A - a wand of flame (16/48)
 C - a wand of iceblast (2/15)
 J - a wand of polymorph (10/24)
 K - a wand of slowing (38/48)
 L - a wand of paralysis (6/24)
 M - a wand of heal wounds (2/9)
Scrolls
 d - 8 scrolls of identify
 e - 5 scrolls of remove curse
 j - a scroll of recharging
 m - 2 scrolls of enchant armour
 u - a scroll of enchant weapon
 y - 4 scrolls of magic mapping
 E - 4 scrolls of teleportation
Potions
 i - a potion of flight
 n - 3 potions of mutation
 o - 2 potions of berserk rage {unknown}
 p - 3 potions of lignification {unknown}
 q - a potion of curing {unknown}
 r - 2 potions of magic {unknown}
 s - 2 potions of agility {unknown}
 t - 4 potions of degeneration {unknown}
 w - a potion of brilliance {unknown}
 z - a potion of ambrosia {unknown}
 G - 2 potions of might {unknown}
 H - a potion of cancellation {unknown}
Comestibles
 c - 4 bread rations
 l - 24 fruits
 B - 2 slices of pizza
 D - 5 meat rations
 F - 4 beef jerkies
 O - 8 chunks of flesh


   Skills:
 - Level 8.2 Fighting
 - Level 15.4 Axes
 - Level 3.7 Armour
 - Level 3.5 Dodging
 + Level 7.2 Evocations


You had 10 spell levels left.
You didn't know any spells.

Dungeon Overview and Level Annotations

Branches:
Dungeon (10/15)            Temple (0/1) D:7             Orc (0/2) D:9
   Lair: D:8-11

Altars:
Ashenzari
Hepliaklqana
Kikubaaqudgha
Makhleb
Okawaru
Qazlal
Ru
Uskayaw
Zin

Shops:
D:4 [   D:6 (


Innate Abilities, Weirdness & Mutations

You reflexively headbutt those who attack you in melee.
You have a pair of horns on your head.
You are partially covered in iridescent scales. (AC +2)
Your mind is acute. (Int +2)
Your spells are a little easier to cast, but a little less powerful.


Message History

The sphinx hits you but does no damage. The sphinx hits you.
* * * LOW HITPOINT WARNING * * *
Evoke which item? (* to show all) (? for menu, Esc to quit)
Zapping:
k - a wand of heal wounds (1/9)
Press: ? - help, Shift-Dir - straight line, f - you Nothing appears to happen.
This wand has 0 charges left.
The sphinx casts a spell.
You are more confused.
Evoke which item? (* to show all) (? for menu, Esc to quit)
Zapping:
M - a wand of heal wounds (4/9)
Press: ? - help, Shift-Dir - straight line, f - you Nothing appears to happen.
This wand has 3 charges left.
The sphinx hits you.
* * * LOW HITPOINT WARNING * * *
The sphinx hits you but does no damage. x5
You're too confused!
Evoke which item? (* to show all) (? for menu, Esc to quit)
Zapping:
M - a wand of heal wounds (3/9)
Press: ? - help, Shift-Dir - straight line, f - you Nothing appears to happen.
This wand has 2 charges left.
The sphinx hits you!
You die...

##...## #............. #.....#
#............. #.... #.....#
#......#####'# #.... #.....#
#......#...... ..... ##...##
#......#...... ....#########'###
#########......
....##...##.....##...###.........
....#.....#.....#H....##.........
....#.....'..8..@†.?..##'########
....#[....#.....#.....#.........
....##...##.....##...##.........
##.÷#######.....#######.....(###
#...[...'.......#......######
######..#########......#
#.................#
###################


You could see a sphinx.

Vanquished Creatures
  A manticore (D:9)
  2 centaur skeletons (D:10)
  2 trolls (D:9)
  The ghost of Joat the Chopper, a novice VSFi of the Shining One (D:4)
  A hornet (D:6)
  4 slime creatures (D:10)
  A hippogriff (D:9)
  5 yaks (D:10)
  Grum (D:10)
  The ghost of nikopol the Skirmisher, an amateur GrBe of Trog (D:3)
  2 water moccasins
  An ice beast (D:10)
  3 phantoms
  2 black bears
  2 orc warriors
  2 necrophages
  3 ogres
  2 wolves (D:10)
  4 centaurs
  A big kobold (D:9)
  4 bullfrogs
  A water moccasin zombie (D:10)
  A water moccasin skeleton (D:5)
  5 scorpions
  8 wights
  A howler monkey (D:6)
  2 centaur zombies
  4 crimson imps
  3 hounds
  3 bullfrog skeletons
  2 jellies
  6 orc priests
  2 iguanas (D:8)
  9 orc wizards
  6 worker ants
  A hound skeleton (D:10)
  A worker ant zombie (D:7)
  3 gnolls (D:9)
  9 adders
  A shadow imp (D:6)
  3 oozes
  2 adder skeletons
  2 worms
  3 dart slugs
  8 leopard geckos
  44 orcs
  9 bats
  11 giant cockroaches
  6 hobgoblins
  17 jackals
  12 kobolds
  2 quokkas
  A ball python (D:1)
  5 frilled lizards
  7 goblins
  A jackal skeleton (D:7)
  3 jackal zombies
  8 rats
257 creatures vanquished.

Vanquished Creatures (collateral kills)
  Erica (D:8)
1 creature vanquished.

Grand Total: 258 creatures vanquished

Notes
Turn   | Place    | Note
-------+----------+-------------------------------------------
     0 | D:1      | esteth the Minotaur Berserker began the quest for the Orb.
     0 | D:1      | Reached XP level 1. HP: 19/19 MP: 0/0
   148 | D:1      | Reached XP level 2. HP: 27/27 MP: 1/1
   601 | D:1      | Reached skill level 4 in Axes
   754 | D:2      | Reached XP level 3. HP: 33/33 MP: 2/2
   761 | D:2      | Found a shattered altar of Ashenzari.
   762 | D:2      | Found an iron altar of Okawaru.
   804 | D:2      | Reached ** piety under Trog
   976 | D:2      | Found a stormy altar of Qazlal.
   977 | D:2      | Found a hide-covered altar of Uskayaw.
  1378 | D:3      | Reached XP level 4. HP: 23/41 MP: 3/3
  1770 | D:3      | Reached XP level 5. HP: 19/47 MP: 4/4
  2122 | D:3      | Reached skill level 5 in Axes
  2191 | D:3      | Noticed nikopol's ghost (amateur GrBe)
  2210 | D:3      | Killed nikopol's ghost
  2210 | D:3      | Reached skill level 6 in Axes
  2210 | D:3      | Reached XP level 6. HP: 25/53 MP: 5/5
  2747 | D:4      | Reached skill level 7 in Axes
  2848 | D:4      | Found Paisk's Antique Armour Shop.
  2921 | D:4      | Noticed Joat's ghost (novice VSFi)
  2932 | D:4      | Killed Joat's ghost
  2932 | D:4      | Reached skill level 8 in Axes
  2932 | D:4      | Reached XP level 7. HP: 60/60 MP: 6/6
  3038 | D:4      | Reached skill level 9 in Axes
  3287 | D:4      | Reached *** piety under Trog
  3496 | D:4      | Reached skill level 10 in Axes
  3652 | D:5      | Entered Level 5 of the Dungeon
  3748 | D:5      | Reached XP level 8. HP: 27/67 MP: 7/7
  4052 | D:5      | Reached skill level 11 in Axes
  4364 | D:5      | Received a gift from Trog
  4705 | D:6      | Noticed a hornet
  4717 | D:6      | Paralysed by a hornet for 2 turns
  4726 | D:6      | Gained mutation: Your spells are a little easier to cast, but a little less powerful. [potion of mutation]
  4726 | D:6      | Gained mutation: Your mind is acute. (Int +2) [potion of mutation]
  4726 | D:6      | Gained mutation: You are partially covered in iridescent scales. (AC +2) [potion of mutation]
  4731 | D:6      | Reached skill level 12 in Axes
  4737 | D:6      | Killed a hornet
  5031 | D:6      | Reached skill level 5 in Fighting
  5100 | D:6      | Reached **** piety under Trog
  5119 | D:6      | Reached XP level 9. HP: 42/75 MP: 8/8
  5444 | D:6      | Found a sacrificial altar of Ru.
  5635 | D:6      | Found Defote Cuto's Weapon Emporium.
  5756 | D:7      | Found a staircase to the Ecumenical Temple.
  6746 | D:8      | Reached skill level 13 in Axes
  6787 | D:8      | Noticed Erica
  6796 | D:8      | Killed Erica
  6796 | D:8      | Reached skill level 14 in Axes
  7477 | D:8      | Found a burning altar of Makhleb.
  7483 | D:8      | Noticed a balrug
  7484 | D:8      | Found a glowing silver altar of Zin.
  7484 | D:8      | Noticed an angel
  7703 | D:9      | Reached XP level 10. HP: 79/88 MP: 9/9
  7831 | D:9      | Found a hazy altar of Hepliaklqana.
  8127 | D:9      | Reached skill level 15 in Axes
  8332 | D:9      | Found a staircase to the Orcish Mines.
  8362 | D:9      | Noticed a manticore
  8379 | D:9      | Killed a manticore
  8649 | D:9      | Reached skill level 1 in Evocations
  8775 | D:9      | Found a stormy altar of Qazlal.
  8935 | D:10     | Entered Level 10 of the Dungeon
  9079 | D:10     | Noticed Grum
  9111 | D:10     | Killed Grum
  9174 | D:10     | Reached ***** piety under Trog
  9392 | D:10     | Found an ancient bone altar of Kikubaaqudgha.
  9435 | D:10     | Reached skill level 5 in Evocations
  9453 | D:10     | HP: 3/88 [slime creature (15)]
  9772 | D:10     | Reached XP level 11. HP: 94/94 MP: 13/15
  9875 | D:10     | Noticed a sphinx
  9893 | D:10     | Paralysed by a sphinx for 4 turns
  9899 | D:10     | HP: 4/94 [sphinx (1)]
  9900 | D:10     | Mangled by a sphinx

Skill      XL: |  1  2  3  4  5  6  7  8  9 10 11 |
---------------+----------------------------------+-----
Fighting       | 4 6 8 |  8.2
Armour         | 3 |  3.7
Axes           | 4 6 8 10 12 14 15 | 15.4
Dodging        | 3 |  3.5
Evocations     | 6 7 |  7.2

Action                   |  1- 3 |  4- 6 |  7- 9 | 10-12 || total
-------------------------+-------+-------+-------+-------++-------
Melee: Hand axe          |   128 |   103 |   381 |       ||   612
       Headbutt          |    20 |    21 |    88 |    65 ||   194
       War axe           |       |       |    28 |   225 ||   253
Invok: Berserk           |       |     1 |       |     1 ||     2
       Trog's Hand       |       |     1 |       |       ||     1
       Brothers in Arms  |       |       |     1 |       ||     1
Evoke: Wand              |       |       |       |    11 ||    11
  Use: Scroll            |     3 |       |    15 |     1 ||    19
       Potion            |       |       |     3 |       ||     3
  Eat: Chunk             |     2 |     5 |    14 |     2 ||    23
       Bread ration      |       |       |     1 |     1 ||     2
Armor: Animal skin       |     1 |       |       |       ||     1
       Ring mail         |    17 |       |       |       ||    17
       Chain mail        |    51 |    62 |   159 |   128 ||   400
Dodge: Dodged            |    59 |    58 |   165 |    96 ||   378
